 Dungeon Crawl Stone Soup version 0.29-a0-414-g5075937ec3 (webtiles) character file.

Game seed: 17219684158795271771

418 zazu2006 the Magician (level 6, -3/51 HPs)
             Began as a Naga Hedge Wizard on May 16, 2022.
             Killed from afar by an acid dragon (17 damage)
             ... with a splash of acid
             ... on level 5 of the Dungeon.
             The game lasted 00:10:23 (5541 turns).

zazu2006 the Magician (Naga Hedge Wizard)           Turns: 5541, Time: 00:10:23

Health: -3/51      AC:  5    Str: 12    XL:     6   Next: 93%
Magic:  6/13       EV: 10    Int: 17    God:
Gold:   179        SH:  0    Dex: 10    Spells: 5/14 levels left

rFire   . . .      SeeInvis +   p - +0 long sword
rCold   . . .      Faith    .   (no shield)
rNeg    . . .      Spirit   .   b - +0 robe
rPois   +          Reflect  .   t - +0 helmet
rElec   .          Harm     .   q - +0 cloak
rCorr   .          Rampage  .   (no gloves)
Will    .....                   (no barding)
Stlth   ++........              (no amulet)
HPRegen 0.17/turn               (no ring)
MPRegen 0.13/turn               (no ring)

@: on blink cooldown, flying, very slow
A: AC +2, large, see invisible, deformed body, poison resistance, slowness 2,
spit poison 1, naga tail 1
a: Spit Poison


You were on level 5 of the Dungeon.
You visited 1 branch of the dungeon, and saw 5 of its levels.

You collected 179 gold pieces.

Inventory:

Hand Weapons
 h - a +0 dagger of draining
 p - a +0 long sword (weapon)
Missiles
 a - 6 curare-tipped darts
 o - 2 throwing nets
Armour
 b - a +0 robe (worn)
 q - a +0 cloak (worn)
 t - a +0 helmet (worn)
Scrolls
 d - 3 scrolls of enchant armour
 f - a scroll of poison
 g - a scroll of vulnerability {unknown}
 i - 5 scrolls of identify
 j - 2 scrolls of teleportation {unknown}
 k - 2 scrolls of fear {unknown}
 l - 2 scrolls of noise {unknown}
 m - a scroll of torment {unknown}
Potions
 e - 2 potions of heal wounds {unknown}
 n - a potion of might {unknown}
 r - 3 potions of flight
 s - a potion of mutation {unknown}


   Skills:
 + Level 1.0 Fighting
 + Level 1.6 Long Blades
 + Level 2.0 Dodging
 + Level 4.0 Stealth
 + Level 4.8 Spellcasting
 + Level 2.8 Conjurations
 + Level 1.0 Summonings
 + Level 1.0 Translocations
 + Level 0.3 Air Magic
 * Level 3.7 Poison Magic


You had 5 spell levels left.
You knew the following spells:

 Your Spells              Type           Power      Damage    Failure   Level
a - Magic Dart            Conj           52%        1d5       4%          1
b - Mephitic Cloud        Conj/Pois/Air  11%        N/A       17%         3
c - Conjure Flame         Conj/Fire      8%         6-21      24%         3
d - Blink                 Tloc           14%        N/A       14%         2

Your spell library contained the following spells:

 Spells                   Type           Power      Damage    Failure   Level
 Apportation              Tloc           14%        N/A       10%         1
 Summon Small Mammal      Summ           28%        N/A       10%         1
 Poisonous Vapours        Pois/Air       22%        N/A       10%         2
 Animate Skeleton         Necr           8%         N/A       14%         1
 Slow                     Hex            16%        N/A       14%         1
 Call Imp                 Summ           7%         N/A       14%         2
 Corpse Rot               Necr/Air       8%         N/A       21%         2
 Dazzling Flash           Conj/Hex       16%        N/A       24%         3
 Silence                  Hex/Air        2%         N/A       98%         5
 Agony                    Necr           4%         N/A       99%         5


Dungeon Overview and Level Annotations

Branches:
Dungeon (5/15)
 Temple: D:4-7

Altars:
Elyvilon
Qazlal

Annotations:
D:4 2 transporters, avis's ghost, amateur HOTm


Innate Abilities, Weirdness & Mutations

Your serpentine skin is tough. (AC +2)
You have supernaturally acute eyesight. (SInv)
Armour fits poorly on your strangely shaped body.
Your system is resistant to poisons. (rPois)
You cover ground very slowly.
You can spit poison.
You have a snake-like lower body.


Message History

The black bear rages.
As you read the scroll labelled SEOTOS MEMOPS, it crumbles to dust.
It is a scroll of identify.
d - 3 scrolls of enchant armour The black bear bites the orc wizard!
The black bear barely misses the orc wizard. x2
The orc barely misses you.
The orc wizard is engulfed in noxious fumes.
The orc wizard appears confused.
The acid dragon bites you! The acid dragon closely misses you.
Unknown command.
Unknown command.
The air fills with toxic fumes!
As you read the scroll labelled PIBBES QIGORPH, it crumbles to dust.
It was a scroll of poison.
The orc closely misses you.
The orc wizard laughs at nothing.
The acid dragon closely misses you. The acid dragon claws you.
* * * LOW HITPOINT WARNING * * *
It was a potion of flight.
You feel very buoyant.
You fly up into the air.
The black bear is engulfed in poison gas.
The black bear is poisoned.
The black bear rages.
The orc closely misses you.
The orc is poisoned.
The orc is engulfed in poison gas.
The orc is poisoned.
You kill the orc!
The orc wizard is poisoned.
The acid dragon closely misses you. The acid dragon claws you.
* * * LOW HITPOINT WARNING * * *
You kill the orc wizard!
The orc is engulfed in poison gas.
The orc looks even sicker.
You kill the orc!
The black bear is engulfed in poison gas.
The black bear looks even sicker.
You kill the black bear!
The orc hits you but does no damage. The acid dragon spits acid at you.
The splash of acid hits you!
You die...

#####§§.....
#§§§§§.......
##§§#§####o.^.
#§§§§.§.§...#
#).§§§o####.#
#=§§§§§#
#..§.§§#
#D§o§§§#
#§@§§§§#
#§§§§§§§§§#
#§#§§§§§§§§§#
#.#§§§§§§##§§..
. #§§§§§§§.####
.. #§§#####§.
#. #§§# ##. ..
#..#


You could see an acid dragon (catching breath) and 2 orcs.

Vanquished Creatures
  A black bear (D:5)
  A hound (D:4)
  3 orc priests
  Crazy Yiuf (D:2)
  Jessica (D:2)
  Terence (D:2)
  Natasha (twice) (D:2)
  An orc wizard (D:5)
  Robin (D:3)
  4 gnolls (D:2)
  2 adders (D:4)
  2 worms (D:2)
  A dart slug (D:1)
  10 orcs
  8 ball pythons
  4 bats
  3 endoplasms
  2 giant cockroaches (D:4)
  18 goblins
  12 hobgoblins
  3 quokkas
  10 frilled lizards
  A kobold (D:3)
  6 rats
98 creatures vanquished.

Vanquished Creatures (others)
  A bat (D:3)
  12 plants
13 creatures vanquished.

Grand Total: 111 creatures vanquished

Notes
Turn   | Place    | Note
-------+----------+-------------------------------------------
     0 | D:1      | zazu2006 the Naga Hedge Wizard began the quest for the Orb.
     0 | D:1      | Reached XP level 1. HP: 15/15 MP: 4/4
   118 | D:1      | Reached XP level 2. HP: 22/22 MP: 3/6
   157 | D:1      | Found a faded altar of an unknown god.
   960 | D:1      | Reached XP level 3. HP: 19/28 MP: 1/8
   964 | D:1      | Learned a level 3 spell: Mephitic Cloud
   968 | D:1      | Learned a level 3 spell: Conjure Flame
   971 | D:1      | Learned a level 2 spell: Blink
  1848 | D:2      | Noticed Jessica
  1851 | D:2      | Killed Jessica
  1852 | D:2      | Reached skill level 1 in Poison Magic
  1852 | D:2      | Reached XP level 4. HP: 35/37 MP: 8/10
  2004 | D:2      | Noticed Terence
  2010 | D:2      | Killed Terence
  2349 | D:2      | Reached XP level 5. HP: 30/43 MP: 8/11
  2689 | D:2      | Noticed Natasha
  2698 | D:2      | Killed Natasha
  2991 | D:2      | Found a runed translucent door.
  2992 | D:2      | Noticed Crazy Yiuf
  3000 | D:2      | Killed Crazy Yiuf
  3153 | D:2      | Noticed Natasha
  3163 | D:2      | Killed Natasha
  3313 | D:3      | Reached XP level 6. HP: 50/50 MP: 9/12
  3569 | D:3      | Noticed Robin
  3638 | D:2      | Reached skill level 1 in Long Blades
  3921 | D:3      | Found a stormy altar of Qazlal.
  4131 | D:3      | Killed Robin
  4132 | D:3      | Reached skill level 1 in Fighting
  4574 | D:3      | Found a white marble altar of Elyvilon.
  5031 | D:4      | Found a transporter.
  5054 | D:4      | Found a transporter.
  5057 | D:4      | Noticed avis's ghost (amateur HOTm)
  5511 | D:5      | Entered Level 5 of the Dungeon
  5512 | D:5      | Noticed a black bear
  5530 | D:5      | Noticed an acid dragon
  5541 | D:5      | Killed a black bear
  5541 | D:5      | Killed from afar by an acid dragon

Illustrated notes

Levels and vault maps discovered:
D:1:      heliophobic_arrival_battle_scene, layout_basic,
          basic_ecumenical_altar, serial_glass, glass_columns_a,
          glass_columns_a, glass_columns_b, glass_columns_a, glass_columns_c,
          glass_columns_a, minmay_lizard_king
D:2:      layout_loops_corners, uniq_jessica, uniq_terence, uniq_natasha,
          uniq_crazy_yiuf_cottage
D:3:      layout_basic, grunt_qazlal_clouds, nicolae_elyvilon_temple_path,
          grunt_ministairs_13, uniq_robin
D:4:      layout_loops_ring, gammafunk_ghost_mausoleum
D:5:      layout_rooms, nicolae_dithmenos_the_darkroom, temple_doors_e,
          minmay_increasing_density

Skill      XL: |  1  2  3  4  5  6 |
---------------+-------------------+-----
Spellcasting   | 4 |  4.8
Poison Magic   | 1 3 |  3.7
Conjurations   | 2 |  2.8
Long Blades    | 1 |  1.6
Fighting       | 1 |  1.0
Dodging        | 2 |  2.0
Stealth        | 4 |  4.0
Summonings     | |  1.0
Translocations | |  1.0
Air Magic      | |  0.3

Action                   |  1- 3 |  4- 6 || total
-------------------------+-------+-------++-------
Melee: Dagger            |    13 |     6 ||    19
       Punch             |       |     1 ||     1
       Long sword        |       |    99 ||    99
 Cast: Magic Dart        |    60 |    87 ||   147
       Mephitic Cloud    |       |    11 ||    11
       Blink             |       |     1 ||     1
 Abil: Spit Poison       |    11 |    22 ||    33
  Use: Scroll            |       |     2 ||     2
       Potion            |       |     2 ||     2
 Stab: Confused          |       |     3 ||     3
       Sleeping          |       |     2 ||     2
Armor: Robe              |     6 |    34 ||    40
Dodge: Dodged            |    13 |   103 ||   116

Table legend: (Time is in decaauts)
 A = Elapsed time spent in this place.
 B = Non-inter-level travel time spent in this place.
 C = Inter-level travel time spent in this place.
 D = Time resting spent in this place.
 E = Time spent auto-exploring this place.
 F = Levels seen in this place.
 G = Mean time per level.
                   A        B        C        D        E       F      G
               +--------+--------+--------+--------+--------+-----+--------+
         Total |   6713 |   6551 |    162 |    250 |   5260 |   5 | 1342.6 |
       Dungeon |   6713 |   6551 |    162 |    250 |   5260 |   5 | 1342.6 |
               +--------+--------+--------+--------+--------+-----+--------+

Top non-repeatable levels by time:
     D:2: 2674 daAuts
     D:3: 1571 daAuts
     D:1: 1374 daAuts
     D:4: 1055 daAuts
     D:5: 37 daAuts
